 Dungeon Crawl Stone Soup version 0.23.2-40-g277498a001 (webtiles) character file.

Game seed: 6820751278801788956

656041 Amplified the Acrobat (level 27, -13/218 HPs)
             Began as a Gnoll Skald on Oct 4, 2019.
             Was the Champion of Okawaru.
             Killed from afar by an orb of fire (30 damage)
             ... with a bolt of fire
             ... on level 1 of the Realm of Zot on Oct 5, 2019.
             The game lasted 02:31:44 (66434 turns).

Amplified the Acrobat (Gnoll Skald)                Turns: 66434, Time: 02:31:44

Health: -13/218    AC: 21    Str: 33    XL:     27
Magic:  45/45      EV: 28    Int: 25    God:    Okawaru [******]
Gold:   3559       SH: 30    Dex: 19    Spells: 25/62 levels left

rFire    + . .     SeeInvis .   Z - +6 demon trident (freeze)
rCold    + + +     Gourm    .   C - +6 large shield of Ybicw {Str+2}
rNeg     + + +     Faith    +   r - +1 scale mail of the Thistle {rElec rN+ Regen+ Str+4}
rPois    +         Spirit   .   x - +3 hat "Rimieb" {rPois Str+3 Stlth+}
rElec    +         Reflect  .   n - scarf {rC+ rF+}
rCorr    +         Harm     .   G - +0 pair of gloves of the Centipede {rN+ Str+4}
MR       ++...                  c - +2 pair of boots {run}
Stlth    ++++++++..             z - amulet "Cyodelur" {Faith +Fly rF- rC+++ Dex+2}
HPRegen  0.86/turn              A - ring of positive energy
MPRegen  0.29/turn              t - ring of the Octopus King {rCorr AC+1 EV+1 Str+1 Int+1 Dex+1}

@: resistant, hasted, studying 3 skills, very quick
A: distributed training, fangs 1, strong 1, wild magic 1, evolution 1, strong
nose
}: 5/15 runes: barnacled, slimy, silver, abyssal, gossamer
a: Heroism, Finesse, Renounce Religion, Evoke Flight


You were on level 1 of the Realm of Zot.
You worshipped Okawaru.
Okawaru was exalted by your worship.
You were full.

You visited 12 branches of the dungeon, and saw 54 of its levels.
You visited the Abyss 3 times.
You also visited: Gauntlet and Wizlab.

You collected 7213 gold pieces.
You spent 3654 gold pieces at shops.

Inventory:

Hand Weapons
 a - the +5 pair of quick blades "Gyre" and "Gimble" {pierce, Dex-3}
   (You found it on level 5 of the Pits of Slime)

   It inflicts extra damage upon your enemies.
   It affects your dexterity (-3).
 V - the +11 longbow of Resourcefulness {freeze, Dex+4}
   (You found it on level 5 of the Pits of Slime)

   It causes projectiles fired from it to freeze those they strike, causing
   extra injury to most foes and up to half again as much damage against
   particularly susceptible opponents.
   They can also slow down cold-blooded creatures.
   It affects your dexterity (+4).
 Z - a +6 demon trident of freezing (weapon)
Missiles
 X - 2 throwing nets (quivered)
Armour
 c - a +2 pair of boots of running (worn)
 m - a +2 pair of boots of flying
 n - a scarf of resistance (worn)
 r - the +1 scale mail of the Thistle (worn) {rElec rN+ Regen+ Str+4}
   (You bought it in a shop on level 2 of the Depths)

   It affects your strength (+4).
   It insulates you from electricity.
   It protects you from negative energy.
   It increases your rate of regeneration.
 x - the +3 hat "Rimieb" (worn) {rPois Str+3 Stlth+}
   (Okawaru gifted it to you on level 6 of the Lair of Beasts)

   It affects your strength (+3).
   It protects you from poison.
   It makes you more stealthy.
 C - the +6 large shield of Ybicw (worn) {Str+2}
   (Okawaru gifted it to you on level 8 of the Dungeon)

   It affects your strength (+2).
 G - the +0 pair of gloves of the Centipede (worn) {rN+ Str+4}
   (You bought it in a shop on level 11 of the Dungeon)

   It affects your strength (+4).
   It protects you from negative energy.
 L - the +3 chain mail "Geoc" {rPois Dex+4}
   (You bought it in a shop on level 2 of the Orcish Mines)

   It affects your dexterity (+4).
   It protects you from poison.
Jewellery
 b - an uncursed ring of protection from fire
 t - a ring of the Octopus King (right hand) {rCorr AC+1 EV+1 Str+1 Int+1 Dex+1}
   (You found it in a Gauntlet)

   [ring of resist corrosion]

   It affects your AC (+1).
   It affects your evasion (+1).
   It affects your strength (+1).
   It affects your intelligence (+1).
   It affects your dexterity (+1).
 z - the amulet "Cyodelur" (around neck) {Faith +Fly rF- rC+++ Dex+2}
   (You took it off a deep elf sorcerer on level 3 of the Elven Halls)

   [amulet of faith]

   It allows you to gain divine favour quickly.
   It affects your dexterity (+2).
   It makes you vulnerable to fire.
   It renders you almost immune to cold.
   It lets you fly.
 A - a ring of positive energy (left hand)
 Q - an uncursed ring of protection from cold
Wands
 e - a wand of acid (55)
 g - a wand of digging (22)
 k - a wand of paralysis (29)
 P - a wand of disintegration (30)
Scrolls
 f - 6 scrolls of fog
 h - 10 scrolls of teleportation
 l - 6 scrolls of fear
 q - a scroll of blinking
 s - 3 scrolls of magic mapping
 F - 15 scrolls of enchant armour
 I - a scroll of silence
 S - a scroll of amnesia
 W - 10 scrolls of remove curse
Potions
 i - 2 potions of might
 j - 10 potions of magic
 o - 5 potions of brilliance
 p - 6 potions of ambrosia
 u - 5 potions of resistance
 D - 5 potions of flight
 E - 2 potions of agility
 J - 4 potions of mutation
 K - 11 potions of curing
 U - a potion of haste
 Y - 4 potions of cancellation
Books
 B - a manual of Dodging
 H - a manual of Maces & Flails
 M - a manual of Stealth
Miscellaneous
 y - a phantom mirror
 O - a lamp of fire
 R - a phial of floods
 T - 2 boxes of beasts
Comestibles
 d - 43 rations


   Skills:
 + Level 18.2 Fighting
 + Level 17.7 Short Blades
 + Level 17.7 Long Blades
 + Level 17.7 Axes
 + Level 17.8 Maces & Flails
 + Level 18.2 Polearms
 + Level 17.7 Staves
 + Level 17.7 Slings
 + Level 17.7 Bows
 + Level 17.7 Crossbows
 + Level 17.7 Throwing
 + Level 17.9 Armour
 + Level 21.3 Dodging
 + Level 21.0 Stealth
 + Level 17.7 Shields
 + Level 17.7 Unarmed Combat
 + Level 18.2 Spellcasting
 + Level 15.3 Conjurations
 + Level 15.3 Hexes
 + Level 16.0 Charms
 + Level 15.3 Summonings
 + Level 15.3 Necromancy
 + Level 15.3 Translocations
 + Level 15.3 Transmutations
 + Level 15.3 Fire Magic
 + Level 15.3 Ice Magic
 + Level 15.3 Air Magic
 + Level 15.3 Earth Magic
 + Level 15.3 Poison Magic
 + Level 19.1 Invocations
 + Level 17.7 Evocations


You had 25 spell levels left.
You knew the following spells:

 Your Spells              Type           Power        Failure   Level  Hunger
a - Necromutation         Tmut/Necr      #######...   78%         8    ######.
b - Regeneration          Chrm/Necr      #######...   1%          3    None
c - Song of Slaying       Chrm           #######.     1%          2    None
d - Apportation           Tloc           ######       1%          1    None
e - Spectral Weapon       Hex/Chrm       #######.     1%          3    None
f - Deflect Missiles      Chrm/Air       #######...   3%          6    ###....
g - Tornado               Air            #######...   100%        9    #######
h - Silence               Hex/Air        #######...   1%          5    None

Your spell library contained the following spells:

 Spells                   Type           Power        Failure   Level  Hunger
 Animate Skeleton         Necr           N/A          1%          1    None
 Beastly Appendage        Tmut           ######       1%          1    None
 Confusing Touch          Hex            ######       1%          1    None
 Corona                   Hex            #######      1%          1    None
 Flame Tongue             Conj/Fire      #####        1%          1    None
 Infusion                 Chrm           ####         1%          1    None
 Pain                     Necr           ####         1%          1    None
 Shock                    Conj/Air       ####         1%          1    None
 Sting                    Conj/Pois      ####         1%          1    None
 Summon Butterflies       Summ           #######.     1%          1    None
 Summon Small Mammal      Summ           ####         1%          1    None
 Call Imp                 Summ           #######.     1%          2    None
 Ensorcelled Hibernation  Hex/Ice        ######       1%          2    None
 Passwall                 Tmut/Erth      #######.     1%          2    None
 Searing Ray              Conj           ######       1%          2    None
 Shroud of Golubria       Chrm/Tloc      #######...   1%          2    None
 Slow                     Hex            #######.     1%          2    None
 Sticks to Snakes         Tmut           #######.     1%          2    None
 Sublimation of Blood     Necr           #######...   1%          2    None
 Swiftness                Chrm/Air       #######.     1%          2    None
 Throw Flame              Conj/Fire      ######       1%          2    None
 Call Canine Familiar     Summ           #######.     1%          3    None
 Gell's Gravitas          Tloc           #######...   1%          3    None
 Ignite Poison            Fire/Tmut/Pois #######.     1%          3    None
 Inner Flame              Hex/Fire       #######.     1%          3    None
 Lesser Beckoning         Tloc           #######...   1%          3    None
 Portal Projectile        Hex/Tloc       ######       1%          3    None
 Recall                   Summ/Tloc      N/A          1%          3    None
 Spider Form              Tmut/Pois      #######...   1%          3    None
 Static Discharge         Conj/Air       #######.     1%          3    None
 Summon Guardian Golem    Hex/Summ       #######.     1%          3    None
 Teleport Other           Tloc           #######.     1%          3    None
 Tukima's Dance           Hex            #######.     1%          3    None
 Vampiric Draining        Necr           #######...   1%          3    None
 Airstrike                Air            #######...   1%          4    None
 Animate Dead             Necr           N/A          1%          4    None
 Cause Fear               Hex            #######...   1%          4    None
 Force Lance              Conj/Tloc      #######.     1%          4    None
 Fulminant Prism          Conj/Hex       #######...   1%          4    None
 Ice Form                 Ice/Tmut       #######.     1%          4    None
 Leda's Liquefaction      Hex/Erth       #######...   1%          4    None
 Passage of Golubria      Tloc           N/A          1%          4    None
 Petrify                  Tmut/Erth      #######.     1%          4    None
 Sticky Flame             Conj/Fire      #######.     1%          4    None
 Summon Ice Beast         Ice/Summ       #######.     1%          4    None
 Summon Lightning Spire   Summ/Air       #######.     1%          4    None
 Alistair's Intoxication  Tmut/Pois      #######.     1%          5    None
 Aura of Abjuration       Summ           #######...   1%          5    None
 Blade Hands              Tmut           #######...   1%          5    None
 Bolt of Magma            Conj/Fire/Erth #######...   1%          5    None
 Borgnjor's Vile Clutch   Necr/Erth      #######...   1%          5    None
 Excruciating Wounds      Chrm/Necr      #######...   1%          5    None
 Fireball                 Conj/Fire      #######...   1%          5    None
 Irradiate                Conj/Tmut      #######...   1%          5    None
 Lee's Rapid Deconstruct  Erth           #######...   1%          5    None
 Lightning Bolt           Conj/Air       #######...   1%          5    None
 Metabolic Englaciation   Hex/Ice        #######...   1%          5    None
 Summon Demon             Summ           #######...   1%          5    None
 Summon Forest            Summ/Tloc      #######...   1%          5    None
 Summon Mana Viper        Hex/Summ       #######.     1%          5    None
 Yara's Violent Unravell  Hex/Tmut       #######...   1%          5    None
 Bolt of Cold             Conj/Ice       #######...   4%          6    ###....
 Bolt of Fire             Conj/Fire      #######...   4%          6    ###....
 Darkness                 Hex            #######...   4%          6    ###....
 Death Channel            Necr           #######...   4%          6    ###....
 Dispersal                Tloc           #######...   4%          6    ###....
 Freezing Cloud           Conj/Ice/Air   #######...   4%          6    ###....
 Hydra Form               Tmut           #######...   4%          6    ###....
 Invisibility             Hex            #######.     4%          6    ###....
 Ozocubu's Refrigeration  Ice            #######...   4%          6    ###....
 Shadow Creatures         Summ           N/A          4%          6    ###....
 Simulacrum               Ice/Necr       #######...   4%          6    ###....
 Statue Form              Tmut/Erth      #######..    4%          6    ###....
 Ring of Flames           Chrm/Fire      #######...   16%         7    #####..
 Dragon Form              Tmut           #######...   19%         7    #####..
 Haunt                    Necr/Summ      #######...   19%         7    #####..
 Malign Gateway           Summ/Tloc      #######...   19%         7    #####..
 Spellforged Servitor     Conj/Summ      #######...   19%         7    #####..
 Death's Door             Chrm/Necr      #######...   73%         8    ######.
 Borgnjor's Revivificati  Necr           #######...   78%         8    ######.
 Controlled Blink         Tloc           N/A          78%         8    ######.
 Discord                  Hex            #######...   78%         8    ######.
 Disjunction              Tloc           #######...   78%         8    ######.
 Ignition                 Fire           #######...   78%         8    ######.
 Infestation              Necr           #######...   78%         8    ######.
 Dragon's Call            Summ           #######...   100%        9    #######
 Shatter                  Erth           #######...   100%        9    #######


Dungeon Overview and Level Annotations

Branches:
Dungeon (15/15)            Temple (0/1) D:5            Lair (6/6) D:9
 Shoals (4/4) Lair:3       Spider (4/4) Lair:4        Slime (5/5) Lair:5
    Orc (2/2) D:11            Elf (3/3) Orc:2        Vaults (5/5) D:13
  Crypt (3/3) Vaults:3       Tomb (1/3) Crypt:3      Depths (5/5) D:15
    Zot (1/5) Depths:5

Altars:
Cheibriados
Elyvilon
Gozag
Hepliaklqana
Kikubaaqudgha
Nemelex Xobeh
Okawaru
Qazlal
Ru
Trog
Vehumet
Xom
Yredelemnul
The Shining One
Beogh
Jiyva

Shops:
D:5 ?   D:11 *   Orc:1 (   Orc:2 [([[:   Elf:1 *   Vaults:4 !   Depths:2 :[

Portals:
Hell: Depths:1 Depths:2 Depths:3 Depths:4 Depths:5
Abyss: Depths:4
Trove: Depths:4 (give 14 potions of heal wounds)

Annotations:
D:15 Careful nest, get amenisa
Lair:3 Maximize midgame
Shoals:1 2 transporters, popps's ghost, adept GrFi
Elf:1 2 runed translucent doors, Exodus22XD's ghost, journeyman DEWz
Depths:3 3 runed translucent doors
Depths:5 Vaults, Slime, Endgame


Innate Abilities, Weirdness & Mutations

Your experience applies equally to all skills.
You have very sharp teeth.
Your uncanny sense of smell can sniff out nearby items.
Your muscles are strong. (Str +2)
Your spells are a little harder to cast, but a little more powerful.
You evolve.


Message History

Aiming: Phantom Mirror
Press: ? - help, Dir - move target cursor, f/p - orb of fire
Aim: an orb of fire (translocational energy, heavily damaged)
You reflect the orb of fire with the mirror, and the mirror shatters!
Unknown command.
Okay, then.
Okay, then.
Okay, then.
Okay, then.
Casting: Spectral Weapon (safe; 1% risk of failure)
Confirm with . or Enter, or press ? or * to list all spells.
Okay, then.
Evoke which item? (* to show all) (? for menu, Esc to quit)
Okay, then.
You feel protected.
Unknown command.
You feel yourself speed up.
The orb of fire emits a lurid red light.
The bolt of fire hits you!! You resist.
You die...

#.# #.# #.# +####
#.# .⌠.# #.# #..#
#.########>.#
#######........*..#
...........#####*##
#####.####.# #@# #
#.# #.# #.# # #.#
#.# #$# #.# #.# #.#
#.# #.# #.# #.# #..
..# #.# ### #.# #.#


You could see an orb of fire and a friendly orb of fire.

Vanquished Creatures
  the Royal Jelly (Slime:5)
  Dissolution (Slime:4)
  3 ancient liches
  Mara (Elf:3)
  4 juggernauts
  Boris (twice) (Crypt:3 Vaults:4)
  Bai Suzhen (Spider:4)
  Frederick (Vaults:5)
  8 caustic shrikes
  5 golden dragons
  A profane servitor (Crypt:3)
  Arachne (Spider:2)
  An electric golem (Zot:1)
  Jorgrun (Orc:1)
  8 liches
  7 tentacled monstrosities
  5 titans
  A deep elf blademaster (Elf:3)
  Asterion (Elf:1)
  2 quicksilver dragons
  17 acid blobs
  2 deep elf master archers (Elf:3)
  A death cob (Zot:1)
  9 sphinxes
  A kraken (Shoals:2)
  11 ancient champions
  9 tengu reavers
  Donald (Elf:3)
  7 storm dragons
  6 shadow dragons
  6 azure jellies (Slime:5)
  A draconian monk (Zot:1)
  4 revenants
  3 draconian knights
  5 ghost moths
  6 fire giants
  9 deep elf sorcerers
  6 frost giants
  3 iron dragons
  18 vault wardens
  Aizul (Spider:1)
  3 emperor scorpions
  Louise (Elf:3)
  2 curse skulls
  7 deep elf elementalists
  8 spriggan defenders
  A draconian annihilator (Zot:1)
  17 ironheart preservers
  24 stone giants
  10 ghouls
  A reaper (Crypt:3)
  8 vampire knights
  8 entropy weavers
  2 green draconians (Zot:1)
  11 very ugly things
  7 deep elf demonologists
  A red draconian (Zot:1)
  11 deep elf annihilators
  6 spark wasps
  3 dire elephants (Lair:6)
  25 ettins
  A minotaur (Gauntlet)
  7 death oozes
  4 merfolk javelineers
  2 eidola
  Snorg (Orc:1)
  A quicksilver dragon zombie (Crypt:3)
  17 deep elf death magi
  17 fire dragons
  7 jiangshi (Crypt:3)
  22 yaktaur captains
  5 deep elf high priests
  3 mummy priests (Crypt:3)
  6 merfolk impalers (Shoals:4)
  5 hydras
  9 ogre magi
  7 ice dragons
  4 rakshasas
  Fannar (Lair:1)
  32 vault guards
  Harold (D:8)
  The ghost of Cykl0x the Carver, a journeyman FoFi of Makhleb (D:11)
  9 great orbs of eyes
  A spriggan air mage (Depths:4)
  9 centaur warriors
  An anaconda (shapeshifter) (Depths:4)
  3 merfolk avatars
  A hydra (shapeshifter) (Depths:5)
  A merfolk aquamancer (Shoals:2)
  2 alligator snapping turtles
  2 anacondas
  10 dancing weapons
  A queen ant (shapeshifter) (Depths:5)
  6 tengu warriors
  6 death knights
  12 deep troll earth magi
  11 deep troll shamans
  A death yak (shapeshifter) (Vaults:5)
  29 two-headed ogres
  A queen ant (Spider:2)
  A thrashing horror (Abyss:4)
  2 satyrs (Shoals:3)
  7 death yaks (Lair:6)
  5 spriggan berserkers
  Urug (Lair:3)
  A spriggan (Depths:3)
  6 vampire magi
  A storm dragon zombie (Vaults:5)
  A small abomination (Vaults:5)
  2 titan zombies
  2 sixfirhies
  19 deep elf knights
  5 soul eaters
  Sonja (Orc:1)
  26 skeletal warriors
  A fire crab (Lair:5)
  A titan skeleton (Crypt:1)
  9 shadow wraiths
  A sea snake (shapeshifter) (Depths:5)
  A storm dragon skeleton (Crypt:1)
  A ghost moth zombie (Crypt:3)
  3 unseen horrors
  An iron troll (Depths:4)
  5 wizards
  A death drake (shapeshifter) (Vaults:1)
  22 deep trolls
  4 sea snakes
  21 deep elf archers
  A swamp dragon (shapeshifter) (Vaults:3)
  An obsidian statue (D:14)
  9 flayed ghosts
  3 glowing orange brains
  An anaconda zombie (Crypt:3)
  A kraken simulacrum (Shoals:4)
  Pikel (D:8)
  A harpy (shapeshifter) (D:15)
  10 phantasmal warriors
  A lindwurm (Lair:4)
  19 ironbrand convokers
  A shadow dragon zombie (Vaults:5)
  19 orc knights
  7 necromancers
  An orb spider (shapeshifter) (Vaults:3)
  A fire giant zombie (Vaults:5)
  A shining eye (Slime:5)
  22 orb spiders
  23 wolf spiders
  70 deep elf magi
  A faun (shapeshifter) (Depths:4)
  An anaconda skeleton (Crypt:3)
  8 fauns
  A salamander (Depths:4)
  16 harpies
  72 ugly things
  3 orc sorcerers
  A shadow dragon skeleton (Crypt:1)
  9 cyclopes
  2 moths of wrath
  16 manticores
  A stone giant zombie (Vaults:2)
  11 merfolk sirens
  12 vault sentinels
  A guardian serpent (shapeshifter) (Vaults:1)
  A stone giant skeleton (Vaults:5)
  A fire giant skeleton (Tomb:1)
  A dire elephant zombie (Crypt:1)
  12 elephants
  An elephant (shapeshifter) (Depths:5)
  A black mamba (shapeshifter) (Vaults:1)
  8 water nymphs
  Maurice (Orc:1)
  Joseph (D:10)
  2 titan simulacra
  A torpor snail (shapeshifter) (Vaults:5)
  5 black mambas
  15 spiny frogs
  3 torpor snails
  A frost giant skeleton (Crypt:1)
  An emperor scorpion zombie (Crypt:1)
  4 gargoyles
  A catoblepas zombie (Crypt:3)
  2 rime drakes
  A dire elephant skeleton (Crypt:1)
  10 demonic crawlers
  7 freezing wraiths
  26 yaktaurs
  3 centaur skeletons
  2 komodo dragons
  6 tengu conjurers
  An entropy weaver simulacrum (Vaults:2)
  A silent spectre (Abyss:4)
  15 guardian mummies
  A harpy zombie (Crypt:1)
  A meliai (shapeshifter) (Vaults:4)
  2 polar bears (D:11)
  2 trolls (shapeshifter)
  44 jumping spiders
  32 merfolk
  2 hydra skeletons (Crypt:1)
  A minotaur skeleton (Crypt:1)
  3 wind drakes
  5 trolls
  A meliai (D:12)
  A sphinx simulacrum (Vaults:3)
  13 hornets
  2 bog bodies
  A blink frog (shapeshifter) (Elf:2)
  3 wind drakes (shapeshifter)
  21 blink frogs
  9 hippogriffs
  2 frost giant simulacra
  14 dream sheep
  105 slime creatures
  An ice dragon skeleton (Crypt:1)
  6 snapping turtles
  A stone giant simulacrum (Vaults:2)
  A fire giant simulacrum (Crypt:3)
  10 flying skulls (Gauntlet)
  A human simulacrum (Vaults:2)
  16 water elementals
  2 fire dragon skeletons
  98 redbacks
  5 wyverns
  34 yaks
  8 vampires
  26 tarantellas
  An ettin skeleton (Abyss:4)
  5 fire elementals
  A hog (shapeshifter) (Depths:3)
  2 redbacks (shapeshifter)
  2 large abominations
  A tyrant leech zombie (Crypt:1)
  13 wraiths
  15 golden eyes
  3 basilisks
  2 ushabtiu (Crypt:3)
  2 neqoxecs (D:11)
  3 hungry ghosts
  Menkaure (D:7)
  22 soldier ants (Spider:2)
  24 water moccasins
  7 wargs
  5 two-headed ogre zombies
  Duvessa (D:7)
  An acid dragon (D:14)
  2 floating eyes
  10 porcupines
  A floating eye (shapeshifter) (Depths:5)
  A black bear (D:9)
  28 ogres
  46 orc warriors
  10 sky beasts
  A hornet zombie (D:10)
  3 phantoms
  4 necrophages
  3 ice beasts
  An alligator simulacrum (Crypt:3)
  A manticore zombie (Crypt:1)
  A tengu (shapeshifter) (Vaults:5)
  26 centaurs
  8 boggarts
  13 crocodiles
  5 wolves
  3 eyes of draining
  A lindwurm skeleton (Crypt:2)
  A crocodile (shapeshifter) (D:15)
  3 elephant skeletons
  A manticore skeleton (Crypt:1)
  3 human zombies
  6 earth elementals
  4 big kobolds
  19 bullfrogs
  3 human skeletons
  Dowan (D:7)
  A wyvern skeleton (D:13)
  3 scorpions
  3 killer bees (D:11)
  8 troll zombies
  2 howler monkeys (D:10)
  24 wights
  A wolf zombie (Crypt:3)
  3 electric eels
  5 crimson imps
  6 quasits
  4 hounds
  6 centaur zombies
  A bullfrog skeleton (D:5)
  10 orc priests
  4 iguanas
  Ijyb (D:4)
  18 orc wizards
  28 worker ants
  2 demigod zombies (Crypt:2)
  5 ogre zombies (WizLab)
  A deep dwarf zombie (Crypt:2)
  An acid dragon skeleton (Crypt:3)
  A felid skeleton (Crypt:3)
  A hound zombie (D:5)
  A hound skeleton (D:5)
  7 mummies
  A worker ant zombie (D:6)
  4 gnolls (D:10)
  A howler monkey skeleton (D:3)
  A swamp drake zombie (Crypt:2)
  15 adders
  9 shadow imps
  3 white imps
  4 ufetubi (Gauntlet)
  2 oozes (D:1)
  An adder skeleton (D:5)
  A worm (D:2)
  3 dart slugs
  7 leopard geckos
  125 orcs
  2 ball pythons
  3 giant cockroaches
  4 goblins
  4 hobgoblins
  17 jackals
  4 quokkas
  6 bats
  5 frilled lizards
  A goblin skeleton (Crypt:2)
  9 kobolds
  A kobold zombie (Crypt:2)
  A leopard gecko zombie (D:7)
  2 quokka skeletons
  8 rats
  A river rat skeleton (Crypt:1)
  3 crawling corpses (Vaults:5)
  5 fungi
  13 plants
2436 creatures vanquished.

Vanquished Creatures (collateral kills)
  A death drake zombie (Crypt:3)
1 creature vanquished.

Vanquished Creatures (others)
  An ancient lich (Vaults:5)
  A vault guard (Vaults:5)
  A two-headed ogre (Depths:2)
  A deep elf knight (Elf:1)
  3 shadow wraiths
  A wolf spider (Spider:3)
  A jumping spider (Spider:4)
  3 water elementals
  A floating eye (shapeshifter) (Elf:1)
  A slave (D:8)
  An ogre (Vaults:1)
  An orc wizard (D:11)
  A leopard gecko (D:11)
  A crawling corpse (Vaults:5)
  23 fungi
  26 plants
  72 spectral weapons
  13 tentacles
152 creatures vanquished.

Grand Total: 2589 creatures vanquished

Notes
Turn   | Place    | Note
-------+----------+-------------------------------------------
     0 | D:1      | Amplified the Gnoll Skald began the quest for the Orb.
     0 | D:1      | Reached XP level 1. HP: 20/20 MP: 6/6
   261 | D:1      | Reached XP level 2. HP: 26/26 MP: 7/7
   543 | D:1      | Reached XP level 3. HP: 31/31 MP: 9/9
   599 | D:1      | Reached skill level 5 in Spellcasting
  1192 | D:2      | Found an opulent altar of Gozag.
  1204 | D:2      | Reached skill level 1 in Invocations
  1372 | D:2      | Reached skill level 1 in Short Blades
  1372 | D:2      | Reached skill level 1 in Long Blades
  1372 | D:2      | Reached skill level 1 in Axes
  1372 | D:2      | Reached skill level 1 in Maces & Flails
  1372 | D:2      | Reached skill level 1 in Staves
  1372 | D:2      | Reached skill level 1 in Slings
  1372 | D:2      | Reached skill level 1 in Bows
  1372 | D:2      | Reached skill level 1 in Crossbows
  1372 | D:2      | Reached skill level 1 in Throwing
  1372 | D:2      | Reached skill level 1 in Stealth
  1372 | D:2      | Reached skill level 1 in Shields
  1372 | D:2      | Reached skill level 1 in Unarmed Combat
  1372 | D:2      | Reached skill level 1 in Evocations
  1425 | D:2      | Reached XP level 4. HP: 30/38 MP: 11/11
  1566 | D:2      | Found an iron altar of Okawaru.
  1637 | D:2      | Became a worshipper of Warmaster Okawaru
  1830 | D:3      | Reached skill level 1 in Conjurations
  1830 | D:3      | Reached skill level 1 in Hexes
  1830 | D:3      | Reached skill level 1 in Summonings
  1830 | D:3      | Reached skill level 1 in Necromancy
  1830 | D:3      | Reached skill level 1 in Translocations
  1830 | D:3      | Reached skill level 1 in Transmutations
  1830 | D:3      | Reached skill level 1 in Fire Magic
  1830 | D:3      | Reached skill level 1 in Ice Magic
  1830 | D:3      | Reached skill level 1 in Air Magic
  1830 | D:3      | Reached skill level 1 in Earth Magic
  1830 | D:3      | Reached skill level 1 in Poison Magic
  1833 | D:3      | Reached XP level 5. HP: 34/43 MP: 12/12
  1896 | D:3      | HP: 2/43 [orc/+0 dagger (2)]
  1924 | D:3      | Learned a level 3 spell: Regeneration
  1927 | D:3      | HP: 1/43 [orc/+0 dagger (4)]
  2406 | D:3      | Found a hazy altar of Hepliaklqana.
  2819 | D:4      | Noticed Ijyb
  2861 | D:4      | Reached XP level 6. HP: 47/50 MP: 13/13
  2902 | D:4      | Learned a level 2 spell: Song of Slaying
  2905 | D:4      | Learned a level 2 spell: Shroud of Golubria
  2909 | D:4      | Learned a level 3 spell: Spectral Weapon
  2942 | D:5      | Entered Level 5 of the Dungeon
  2950 | D:5      | Found Puaqyxuu's Magic Scroll Boutique.
  2988 | D:5      | Bought a scroll of teleportation for 36 gold pieces
  2988 | D:5      | Bought a scroll of teleportation for 36 gold pieces
  2988 | D:5      | Bought a scroll of teleportation for 36 gold pieces
  3108 | D:5      | Reached * piety under Okawaru
  3284 | D:5      | Reached skill level 5 in Fighting
  3284 | D:5      | Reached skill level 5 in Polearms
  3284 | D:5      | Reached skill level 5 in Dodging
  3361 | D:5      | Reached XP level 7. HP: 31/56 MP: 15/15
  3429 | D:5      | Reached ** piety under Okawaru
  3882 | D:5      | Found a staircase to the Ecumenical Temple.
  4157 | D:5      | Reached XP level 8. HP: 56/63 MP: 16/16
  4595 | D:5      | Found a radiant altar of Vehumet.
  4596 | D:5      | Found a snail-covered altar of Cheibriados.
  4596 | D:5      | Found a sacrificial altar of Ru.
  5163 | D:7      | Noticed Dowan
  5189 | D:7      | Noticed Menkaure
  5219 | D:6      | Paralysed by a crimson imp for 7 turns
  5233 | D:6      | Paralysed by a crimson imp for 6 turns
  5368 | D:6      | Reached *** piety under Okawaru
  5516 | D:7      | Noticed Pikel
  5518 | D:7      | HP: 1/64 [Menkaure (22)]
  5793 | D:8      | Reached XP level 9. HP: 69/69 MP: 18/18
  6140 | D:8      | Killed Pikel
  6181 | D:8      | Reached **** piety under Okawaru
  6181 | D:8      | Reached skill level 5 in Armour
  6576 | D:8      | Reached skill level 5 in Invocations
  6584 | D:8      | Reached XP level 10. HP: 48/77 MP: 20/20
  6877 | D:7      | Killed Menkaure
  7061 | D:7      | Killed Dowan
  7079 | D:7      | Noticed Duvessa
  7082 | D:7      | Killed Duvessa
  7918 | D:4      | Killed Ijyb
  7963 | D:4      | Reached skill level 5 in Short Blades
  7963 | D:4      | Reached skill level 5 in Long Blades
  7963 | D:4      | Reached skill level 5 in Axes
  7963 | D:4      | Reached skill level 5 in Maces & Flails
  7963 | D:4      | Reached skill level 5 in Staves
  7963 | D:4      | Reached skill level 5 in Slings
  7963 | D:4      | Reached skill level 5 in Bows
  7963 | D:4      | Reached skill level 5 in Crossbows
  7963 | D:4      | Reached skill level 5 in Throwing
  7963 | D:4      | Reached skill level 5 in Stealth
  7963 | D:4      | Reached skill level 5 in Shields
  7963 | D:4      | Reached skill level 5 in Unarmed Combat
  7963 | D:4      | Reached skill level 5 in Evocations
  8232 | D:8      | Found a stormy altar of Qazlal.
  8562 | D:8      | Noticed Harold
  8569 | D:8      | Killed Harold
  8569 | D:8      | Reached ***** piety under Okawaru
  8984 | D:8      | Got a smoking hand axe
  8985 | D:8      | Identified the +7 hand axe "Wetor" {venom, *Corrode rF+
                  | Int+3} (You found it on level 8 of the Dungeon)
  9391 | D:8      | Noticed a three-headed hydra
  9395 | D:8      | Killed a three-headed hydra
  9546 | D:9      | Found a roughly hewn altar of Beogh.
  9797 | D:10     | Entered Level 10 of the Dungeon
  9962 | D:8      | Received a gift from Okawaru
  9965 | D:8      | Got a pitted large shield {god gift}
  9971 | D:8      | Identified the +6 large shield of Ybicw {Str+2} (Okawaru
                  | gifted it to you on level 8 of the Dungeon)
 10059 | D:9      | Reached XP level 11. HP: 49/84 MP: 19/22
 10096 | D:9      | Identified the +4 whip "Amplified's Regret" {pain, +Blink
                  | rPois rF++ Str-2}
 10223 | D:9      | Found a staircase to the Lair.
 10629 | D:9      | Reached skill level 5 in Conjurations
 10629 | D:9      | Reached skill level 5 in Hexes
 10629 | D:9      | Reached skill level 5 in Summonings
 10629 | D:9      | Reached skill level 5 in Necromancy
 10629 | D:9      | Reached skill level 5 in Translocations
 10629 | D:9      | Reached skill level 5 in Transmutations
 10629 | D:9      | Reached skill level 5 in Fire Magic
 10629 | D:9      | Reached skill level 5 in Ice Magic
 10629 | D:9      | Reached skill level 5 in Air Magic
 10629 | D:9      | Reached skill level 5 in Earth Magic
 10629 | D:9      | Reached skill level 5 in Poison Magic
 10714 | D:9      | Found a sparkling altar of Nemelex Xobeh.
 10715 | D:9      | Found a transporter.
 10801 | D:10     | Noticed a two-headed ogre
 10813 | D:10     | Killed a two-headed ogre
 11254 | D:10     | Noticed Joseph
 11287 | D:10     | Killed Joseph
 11760 | Lair:1   | Entered Level 1 of the Lair of Beasts
 12417 | Lair:1   | Noticed Fannar
 12431 | Lair:1   | Killed Fannar
 12431 | Lair:1   | Reached XP level 12. HP: 93/93 MP: 24/24
 12508 | Lair:1   | Received a gift from Okawaru
 12511 | Lair:1   | Got a heavily runed cloak {god gift}
 12517 | Lair:1   | Identified the +1 cloak of Untold Secrets {Str+4} (Okawaru
                  | gifted it to you on level 1 of the Lair of Beasts)
 14709 | Lair:3   | Received a gift from Okawaru
 14751 | Lair:3   | Found a staircase to the Shoals.
 14957 | Lair:3   | Received a gift from Okawaru
 15182 | Lair:3   | Noticed Urug
 15204 | Lair:3   | Killed Urug
 15327 | Lair:3   | Reached XP level 13. HP: 89/101 MP: 26/26
 15460 | Lair:4   | Found a hole to the Spider Nest.
 15573 | Lair:4   | Received a gift from Okawaru
 16595 | Lair:5   | Found a gate leading to a gauntlet.
 16694 | Gauntlet | Entered a Gauntlet
 16694 | Gauntlet | Found a transporter.
 16702 | Gauntlet | Found a transporter.
 16704 | Gauntlet | Found a transporter.
 16713 | Gauntlet | Found a transporter.
 16727 | Gauntlet | Found a transporter.
 16732 | Gauntlet | Found a transporter.
 16747 | Gauntlet | Found a transporter.
 16748 | Gauntlet | Found the ring of the Octopus King
 16766 | Gauntlet | Found a transporter.
 16778 | Gauntlet | Found a transporter.
 16790 | Gauntlet | Found a transporter.
 16790 | Gauntlet | Noticed a blizzard demon
 16802 | Gauntlet | Found a transporter.
 16814 | Gauntlet | Found a transporter.
 16814 | Gauntlet | Noticed an entropy weaver
 16831 | Gauntlet | Found a transporter.
 16849 | Gauntlet | Found a transporter.
 16851 | Gauntlet | Found a transporter.
 16878 | Gauntlet | Found a transporter.
 16956 | Gauntlet | Found a transporter.
 16976 | Gauntlet | Found a transporter.
 17365 | Gauntlet | Got a ring of the Octopus King
 17368 | Gauntlet | Identified a ring of the Octopus King {rCorr AC+1 EV+1
                  | Str+1 Int+1 Dex+1} (You found it in a Gauntlet)
 17373 | Gauntlet | Got a slimy chain mail
 17384 | Gauntlet | Identified the +1 chain mail of Hopscotch {Str+7} (You
                  | found it in a Gauntlet)
 17390 | Gauntlet | Noticed a minotaur
 17401 | Gauntlet | Killed a minotaur
 17598 | Lair:5   | Received a gift from Okawaru
 18085 | Lair:5   | Reached skill level 10 in Spellcasting
 18269 | Lair:5   | Reached XP level 14. HP: 94/109 MP: 28/28
 18398 | Lair:5   | Found a staircase to the Slime Pits.
 18604 | Lair:6   | Entered Level 6 of the Lair of Beasts
 18737 | Lair:6   | Reached skill level 10 in Fighting
 18737 | Lair:6   | Reached skill level 10 in Polearms
 18737 | Lair:6   | Reached skill level 10 in Dodging
 18923 | Lair:6   | Identified a scroll of acquirement
 18923 | Lair:6   | Identified the Grimoire of Torrid Flight (You acquired it
                  | on level 6 of the Lair of Beasts)
 18937 | Lair:6   | Learned a level 6 spell: Deflect Missiles
 18947 | Lair:6   | Learned a level 9 spell: Tornado
 19082 | Lair:6   | Received a gift from Okawaru
 19171 | Lair:6   | Reached skill level 10 in Invocations
 19386 | Lair:6   | Received a gift from Okawaru
 19675 | Lair:6   | Noticed a dire elephant
 19675 | Lair:6   | Noticed a dire elephant
 19691 | Lair:6   | Killed a dire elephant
 19692 | Lair:6   | Killed a dire elephant
 19790 | Lair:6   | Noticed a dire elephant
 19820 | Lair:6   | Killed a dire elephant
 20056 | Lair:6   | Received a gift from Okawaru
 20067 | Lair:6   | Got a faintly glowing hat {god gift}
 20078 | Lair:6   | Identified the +3 hat "Rimieb" {rPois Str+3 Stlth+}
                  | (Okawaru gifted it to you on level 6 of the Lair of Beasts)
 20392 | D:11     | Found a staircase to the Orcish Mines.
 20398 | D:11     | Found Pixe's General Store.
 20405 | D:11     | Bought the cursed +0 pair of gloves of the Centipede {rN+
                  | Str+4} for 211 gold pieces
 20405 | D:11     | Bought a potion of curing for 30 gold pieces
 20405 | D:11     | Bought a potion of mutation for 80 gold pieces
 20482 | D:11     | Found a transporter.
 20497 | D:11     | Found a transporter.
 20503 | D:11     | Noticed Cykl0x's ghost (journeyman FoFi)
 20559 | D:11     | Killed Cykl0x's ghost
 20790 | D:11     | Found a glowing golden altar of the Shining One.
 21046 | D:12     | Reached XP level 15. HP: 117/117 MP: 26/29
 21431 | D:12     | Reached skill level 10 in Armour
 21944 | D:13     | Found a gate to the Vaults.
 22040 | D:13     | Received a gift from Okawaru
 22332 | D:13     | Reached skill level 10 in Charms
 22545 | Orc:1    | Entered Level 1 of the Orcish Mines
 22545 | Orc:1    | Found Edodghya's Antique Weapon Boutique.
 22545 | Orc:1    | Noticed Sonja
 22545 | Orc:1    | Noticed Snorg
 22549 | Orc:1    | Killed Sonja
 22590 | Orc:1    | Killed Snorg
 22618 | Orc:1    | Noticed Maurice
 22622 | Orc:1    | Noticed Jorgrun
 22633 | Orc:1    | Killed Maurice
 22652 | Orc:1    | Killed Jorgrun
 22652 | Orc:1    | Reached skill level 10 in Short Blades
 22652 | Orc:1    | Reached skill level 10 in Long Blades
 22652 | Orc:1    | Reached skill level 10 in Axes
 22652 | Orc:1    | Reached skill level 10 in Maces & Flails
 22652 | Orc:1    | Reached skill level 10 in Staves
 22652 | Orc:1    | Reached skill level 10 in Slings
 22652 | Orc:1    | Reached skill level 10 in Bows
 22652 | Orc:1    | Reached skill level 10 in Crossbows
 22652 | Orc:1    | Reached skill level 10 in Throwing
 22652 | Orc:1    | Reached skill level 10 in Stealth
 22652 | Orc:1    | Reached skill level 10 in Shields
 22652 | Orc:1    | Reached skill level 10 in Unarmed Combat
 22652 | Orc:1    | Reached skill level 10 in Evocations
 23111 | Orc:2    | Entered Level 2 of the Orcish Mines
 23126 | Orc:2    | Received a gift from Okawaru
 23154 | Orc:2    | Found a staircase to the Elven Halls.
 23366 | Orc:2    | Found a roughly hewn altar of Beogh.
 23394 | Orc:2    | Found Xeefoix's Antique Armour Boutique.
 23394 | Orc:2    | Found Utoaf's Antique Armour Shoppe.
 23453 | Orc:2    | Bought a pair of warped gloves for 228 gold pieces
 23453 | Orc:2    | Identified the +0 pair of gloves of the Saviour {Slay+3}
                  | (You bought it in a shop on level 2 of the Orcish Mines)
 23463 | Orc:2    | Bought a twisted chain mail for 228 gold pieces
 23463 | Orc:2    | Bought a pair of crude gloves for 228 gold pieces
 23463 | Orc:2    | Bought a twisted chain mail for 228 gold pieces
 23474 | Orc:2    | Identified the +1 pair of gloves of the Ego {Str+4 Slay+2
                  | Stlth-} (You bought it in a shop on level 2 of the Orcish
                  | Mines)
 23628 | Orc:2    | Identified the +1 chain mail of Fortitude {Str+5 Int+2}
                  | (You bought it in a shop on level 2 of the Orcish Mines)
 23639 | Orc:2    | Identified the +3 chain mail "Geoc" {rPois Dex+4} (You
                  | bought it in a shop on level 2 of the Orcish Mines)
 23850 | Orc:2    | Found Gonn's Armour Shoppe.
 23884 | Orc:2    | Found Pesheagg's Antique Weapon Boutique.
 23926 | Orc:2    | Bought a translucent hunting sling for 110 gold pieces
 24028 | Orc:2    | Found Jemp's Book Shop.
 24226 | Elf:1    | Entered Level 1 of the Elven Halls
 24374 | D:14     | Identified the +7 hunting sling of Magnificence {venom, rF-
                  | rN+ SInv} (You bought it in a shop on level 2 of the Orcish
                  | Mines)
 24398 | D:14     | Received a gift from Okawaru
 24498 | D:14     | Reached XP level 16. HP: 105/125 MP: 31/31
 24892 | D:14     | Found a snail-covered altar of Cheibriados.
 25243 | D:15     | Entered Level 15 of the Dungeon
 25629 | D:15     | Received a gift from Okawaru
 25920 | D:15     | Found a staircase to the Depths.
 26378 | Shoals:1 | Entered Level 1 of the Shoals
 26703 | Shoals:1 | Found a transporter.
 26707 | Shoals:1 | Identified the +2 trident of Ikaem {speed, *Rage +Blink
                  | rPois Dex+3}
 26708 | Shoals:1 | Found a bloodstained altar of Trog.
 26709 | Shoals:1 | Found a transporter.
 26728 | Shoals:1 | Noticed popps's ghost (adept GrFi)
 26740 | Shoals:1 | Identified the +6 trident of Wisdom {chaos, rF- Dex+6}
 26924 | Shoals:1 | Noticed a kraken
 27415 | Spider:1 | Entered Level 1 of the Spider Nest
 27434 | Spider:1 | Noticed Aizul
 27474 | Spider:1 | Killed Aizul
 28069 | Spider:1 | Received a gift from Okawaru
 28265 | Spider:2 | Received a gift from Okawaru
 28376 | Spider:2 | Reached XP level 17. HP: 72/133 MP: 30/33
 29358 | Spider:2 | Noticed Arachne
 29379 | Spider:2 | Killed Arachne
 29647 | Spider:2 | Received a gift from Okawaru
 29998 | Shoals:2 | Received a gift from Okawaru
 30292 | Shoals:2 | Noticed a kraken
 30311 | Shoals:2 | Killed a kraken
 31684 | Shoals:4 | Entered Level 4 of the Shoals
 31743 | Shoals:4 | Received a gift from Okawaru
 31814 | Shoals:4 | Learned a level 5 spell: Silence
 32012 | Shoals:4 | Received a gift from Okawaru
 32146 | Shoals:4 | Reached ****** piety under Okawaru
 32330 | Shoals:4 | Received a gift from Okawaru
 32419 | Shoals:4 | Identified the +3 war axe of Dishonour {chop, Dex+2 SInv}
 32568 | Shoals:4 | Reached skill level 10 in Conjurations
 32568 | Shoals:4 | Reached skill level 10 in Hexes
 32568 | Shoals:4 | Reached skill level 10 in Summonings
 32568 | Shoals:4 | Reached skill level 10 in Necromancy
 32568 | Shoals:4 | Reached skill level 10 in Translocations
 32568 | Shoals:4 | Reached skill level 10 in Transmutations
 32568 | Shoals:4 | Reached skill level 10 in Fire Magic
 32568 | Shoals:4 | Reached skill level 10 in Ice Magic
 32568 | Shoals:4 | Reached skill level 10 in Air Magic
 32568 | Shoals:4 | Reached skill level 10 in Earth Magic
 32568 | Shoals:4 | Reached skill level 10 in Poison Magic
 32665 | Shoals:4 | Received a gift from Okawaru
 32742 | Shoals:4 | Got a barnacled rune of Zot
 33094 | Shoals:4 | Reached XP level 18. HP: 137/141 MP: 34/34
 34496 | Spider:3 | Received a gift from Okawaru
 34670 | Spider:3 | Received a gift from Okawaru
 35000 | Spider:4 | Entered Level 4 of the Spider Nest
 36134 | Elf:1    | Noticed Asterion
 36145 | Elf:1    | Killed Asterion
 36222 | Elf:1    | Found Denebuez's Assorted Antiques.
 36227 | Elf:1    | Bought a potion of heal wounds for 150 gold pieces
 36457 | Elf:1    | Found a large runed translucent door.
 36457 | Elf:1    | Found a large runed translucent door.
 36457 | Elf:1    | Noticed Exodus22XD's ghost (journeyman DEWz)
 36566 | Elf:1    | Cast into level 4 of the Abyss (a deep elf sorcerer)
 36579 | Elf:1    | Escaped the Abyss
 36814 | Elf:1    | Reached XP level 19. HP: 112/149 MP: 36/36
 37065 | Elf:1    | Received a gift from Okawaru
 37442 | Elf:2    | Found a magical portal.
 37520 | WizLab   | Entered Zonguldrok's Shrine
 37778 | WizLab   | Received a gift from Okawaru
 37841 | WizLab   | Noticed an antique lich
 37858 | WizLab   | Killed an antique lich
 37858 | WizLab   | Received a gift from Okawaru
 37872 | WizLab   | Found the +9 sword of Zonguldrok {reap}
 38124 | Elf:3    | Entered Level 3 of the Elven Halls
 38327 | Vaults:1 | Entered Level 1 of the Vaults
 38422 | Depths:1 | Entered Level 1 of the Depths
 38700 | D:5      | Bought 3 scrolls of enchant armour for 270 gold pieces
 38700 | D:5      | Bought a scroll of enchant weapon for 90 gold pieces
 38700 | D:5      | Bought a scroll of fear for 42 gold pieces
 38700 | D:5      | Bought a scroll of enchant armour for 90 gold pieces
 38700 | D:5      | Bought a scroll of amnesia for 42 gold pieces
 38700 | D:5      | Bought a scroll of silence for 90 gold pieces
 38700 | D:5      | Bought a scroll of noise for 12 gold pieces
 38937 | Elf:3    | Noticed Mara
 38940 | Elf:3    | Noticed Amplified's illusion
 38990 | Elf:3    | Killed Mara
 39287 | Elf:3    | Identified the +1 robe "Ehenkiese" {rCorr Str-2 Int+2}
 39295 | Elf:3    | Identified the +8 spear of Nesetil {chaos, rPois MR- Int+5
                  | Dex+3}
 39497 | Elf:3    | Noticed Donald
 39510 | Elf:3    | Killed Donald
 39568 | Elf:3    | Identified the cursed +2 war axe "Oqukyargh" {flame, rElec
                  | rPois}
 39604 | Elf:3    | Noticed an Ice Fiend
 39825 | Elf:3    | Cast into level 4 of the Abyss (a deep elf sorcerer)
 39825 | Abyss:4  | Found a corrupted altar of Lugonu.
 39842 | Abyss:4  | Received a gift from Okawaru
 39871 | Abyss:4  | Received a gift from Okawaru
 39892 | Abyss:4  | Got an abyssal rune of Zot
 39910 | Elf:3    | Escaped the Abyss
 40075 | Elf:3    | Reached XP level 20. HP: 147/157 MP: 37/37
 40287 | Elf:3    | Identified the +2 falchion "Goblinslayer" {slice, -Tele
                  | Str+4 Dex+10}
 40325 | Elf:3    | Received a gift from Okawaru
 40333 | Elf:3    | Identified the ring "Pann" {Wiz Stlth+}
 40566 | Elf:3    | Identified the amulet "Cyodelur" {Faith +Fly rF- rC+++
                  | Dex+2}
 40600 | Elf:3    | Identified the Catalogue of Combat Magic
 40609 | Elf:3    | Found the +3 sling "Punk" {acid, rCorr}
 40809 | Elf:3    | Noticed Louise
 40817 | Elf:3    | Killed Louise
 41422 | Spider:4 | Noticed Bai Suzhen
 41464 | Spider:4 | Killed Bai Suzhen
 41658 | Spider:4 | Received a gift from Okawaru
 41932 | Spider:4 | Received a gift from Okawaru
 41948 | Spider:4 | Received a gift from Okawaru
 41975 | Spider:4 | Got a gossamer rune of Zot
 42033 | Spider:4 | Identified a +0 pair of boots of running (Okawaru gifted it
                  | to you on level 4 of the Spider Nest)
 43251 | Vaults:1 | Reached XP level 21. HP: 158/165 MP: 37/39
 43851 | Vaults:2 | Received a gift from Okawaru
 43883 | Vaults:2 | Learned a level 1 spell: Apportation
 44664 | Vaults:2 | Found a white marble altar of Elyvilon.
 44737 | Vaults:2 | Received a gift from Okawaru
 44740 | Vaults:2 | Identified the +5 quarterstaff of Okawaru's Hope {freeze,
                  | MR+ Int-4 Dex+3} (Okawaru gifted it to you on level 2 of
                  | the Vaults)
 45072 | Vaults:2 | Reached skill level 15 in Dodging
 45721 | Vaults:3 | Received a gift from Okawaru
 45724 | Vaults:3 | Reached skill level 15 in Invocations
 45739 | Vaults:3 | Found a staircase to the Crypt.
 45744 | Crypt:1  | Entered Level 1 of the Crypt
 46253 | Crypt:1  | Received a gift from Okawaru
 46540 | Crypt:3  | Entered Level 3 of the Crypt
 46587 | Crypt:3  | Received a gift from Okawaru
 47003 | Crypt:3  | Noticed Boris
 47082 | Crypt:3  | Received a gift from Okawaru
 47288 | Crypt:3  | Found a staircase to the Tomb.
 47473 | Tomb:1   | Entered Level 1 of the Tomb of the Ancients
 47588 | Crypt:3  | Killed Boris
 47588 | Crypt:3  | Reached skill level 15 in Stealth
 47629 | Crypt:3  | Reached XP level 22. HP: 135/164 MP: 40/40
 47853 | Crypt:3  | Identified the +7 hand axe "Ibrit" {speed, rF- rC+ rN+
                  | Dex+2}
 48295 | Crypt:3  | Reached skill level 15 in Spellcasting
 48565 | Crypt:2  | Received a gift from Okawaru
 48695 | Crypt:2  | Received a gift from Okawaru
 48809 | Crypt:2  | Received a gift from Okawaru
 48850 | Crypt:2  | Reached skill level 15 in Fighting
 48850 | Crypt:2  | Reached skill level 15 in Polearms
 50828 | Crypt:3  | Noticed an ancient lich
 50840 | Crypt:3  | Identified the +2 scimitar of Resourcefulness {slice,
                  | Int+2}
 50840 | Crypt:3  | Identified the amulet "Ruesaagh" {Faith rPois MR+ SInv}
 50871 | Crypt:2  | Killed an ancient lich
 51229 | Crypt:3  | Found a basalt altar of Yredelemnul.
 51229 | Crypt:3  | Noticed a profane servitor
 51267 | Crypt:3  | Killed a profane servitor
 51272 | Crypt:3  | Received a gift from Okawaru
 51450 | Crypt:3  | Found an ancient bone altar of Kikubaaqudgha.
 51499 | Crypt:3  | Got a wavering tin ring
 51508 | Crypt:3  | Identified the ring "Ziywebux" {Ice Stlth+} (You found it
                  | on level 3 of the Crypt)
 51795 | Crypt:1  | Received a gift from Okawaru
 51965 | Crypt:1  | Reached XP level 23. HP: 180/181 MP: 40/42
 52014 | Crypt:1  | Received a gift from Okawaru
 52239 | Crypt:1  | Received a gift from Okawaru
 52242 | Crypt:1  | Identified the +6 quarterstaff of the Dove {drain, rC+
                  | Str+2 Dex+4} (Okawaru gifted it to you on level 1 of the
                  | Crypt)
 52678 | Vaults:3 | Reached skill level 15 in Armour
 52795 | Vaults:3 | Received a gift from Okawaru
 53028 | Vaults:3 | Received a gift from Okawaru
 53203 | Vaults:3 | Received a gift from Okawaru
 53206 | Vaults:3 | Identified the +2 quick blade of the Blowfly {pierce, +Fly
                  | Dex+5 SInv Stlth-} (Okawaru gifted it to you on level 3 of
                  | the Vaults)
 53207 | Vaults:3 | Identified the Handbook of the Entourage and the Compass
                  | (You acquired it on level 3 of the Vaults)
 53796 | Vaults:3 | Reached skill level 15 in Short Blades
 53796 | Vaults:3 | Reached skill level 15 in Long Blades
 53796 | Vaults:3 | Reached skill level 15 in Axes
 53796 | Vaults:3 | Reached skill level 15 in Maces & Flails
 53796 | Vaults:3 | Reached skill level 15 in Staves
 53796 | Vaults:3 | Reached skill level 15 in Slings
 53796 | Vaults:3 | Reached skill level 15 in Bows
 53796 | Vaults:3 | Reached skill level 15 in Crossbows
 53796 | Vaults:3 | Reached skill level 15 in Throwing
 53796 | Vaults:3 | Reached skill level 15 in Shields
 53796 | Vaults:3 | Reached skill level 15 in Unarmed Combat
 53796 | Vaults:3 | Reached skill level 15 in Evocations
 54087 | Vaults:4 | Noticed Boris
 54110 | Vaults:4 | Killed Boris
 54330 | Vaults:4 | Received a gift from Okawaru
 54336 | Vaults:4 | Got a spiked crystal plate armour {god gift}
 55151 | Vaults:4 | Found Niux's Distillery.
 55168 | Vaults:4 | Bought a potion of agility for 60 gold pieces
 55168 | Vaults:4 | Bought a potion of haste for 150 gold pieces
 55168 | Vaults:4 | Bought a potion of curing for 45 gold pieces
 55168 | Vaults:4 | Bought a potion of curing for 45 gold pieces
 55168 | Vaults:4 | Bought a potion of agility for 60 gold pieces
 55168 | Vaults:4 | Bought a potion of heal wounds for 75 gold pieces
 55168 | Vaults:4 | Bought a potion of resistance for 150 gold pieces
 55168 | Vaults:4 | Bought a potion of mutation for 120 gold pieces
 55201 | Vaults:4 | Reached XP level 24. HP: 186/190 MP: 40/42
 55564 | Vaults:4 | Identified the +9 crystal plate armour of Baryqola {MR+}
                  | (Okawaru gifted it to you on level 4 of the Vaults)
 55882 | D:15     | Received a gift from Okawaru
 56677 | Depths:1 | Found a gateway to Hell.
 57196 | Depths:2 | Received a gift from Okawaru
 57238 | Depths:2 | Found Yskac's Book Emporium.
 57246 | Depths:2 | Found Zosocrao's Armour Emporium.
 57251 | Depths:2 | Bought the +1 scale mail of the Thistle {rElec rN+ Regen+
                  | Str+4} for 712 gold pieces
 57283 | Depths:2 | Received a gift from Okawaru
 57805 | Depths:3 | Noticed a juggernaut
 57825 | Depths:3 | Received a gift from Okawaru
 57827 | Depths:3 | Killed a juggernaut
 58118 | Depths:3 | Found a runed translucent gate.
 58118 | Depths:3 | Found a runed translucent gate.
 58118 | Depths:3 | Found a runed translucent gate.
 58253 | Depths:4 | Reached XP level 25. HP: 197/197 MP: 43/43
 58358 | Depths:4 | Received a gift from Okawaru
 58359 | Depths:4 | Found the +3 warlock's mirror {reflect}
 58366 | Depths:4 | Found a one-way gate to the infinite horrors of the Abyss.
 58459 | Depths:4 | Found a portal to a secret trove of treasure.
 59284 | Depths:4 | Paralysed by a floating eye for 3 turns
 59293 | Depths:4 | Paralysed by a floating eye for 2 turns
 59407 | Depths:5 | Entered Level 5 of the Depths
 59436 | Depths:5 | Received a gift from Okawaru
 59486 | Depths:5 | Received a gift from Okawaru
 59547 | Depths:5 | Found a shimmering altar of Xom.
 59547 | Depths:5 | Found a shimmering altar of Xom.
 59548 | Depths:5 | Found a shimmering altar of Xom.
 59957 | Depths:5 | Noticed a juggernaut
 59959 | Depths:5 | Noticed an ancient lich
 59981 | Depths:5 | Killed an ancient lich
 59981 | Depths:5 | Reached XP level 26. HP: 197/207 MP: 41/43
 60044 | Depths:5 | Identified the +10 morningstar of Foul Odors {freeze,
                  | Stlth+}
 60044 | Depths:5 | Identified the ring of Salvation {*Drain MR+ SInv Stlth+}
 60065 | Depths:5 | Killed a juggernaut
 60070 | Depths:5 | Received a gift from Okawaru
 60154 | Depths:5 | Reached skill level 15 in Charms
 60218 | Depths:5 | Received a gift from Okawaru
 60219 | Depths:5 | Noticed a juggernaut
 60237 | Depths:5 | Killed a juggernaut
 60300 | Depths:5 | Cast into level 2 of the Abyss (a deep elf sorcerer)
 60348 | Depths:5 | Escaped the Abyss
 60631 | Depths:5 | Received a gift from Okawaru
 60693 | Depths:5 | Noticed a juggernaut
 60710 | Depths:5 | Killed a juggernaut
 60814 | Depths:5 | Found a gate to the Realm of Zot.
 60823 | Zot:1    | Entered Level 1 of the Realm of Zot
 61340 | Vaults:5 | Entered Level 5 of the Vaults
 61439 | Vaults:5 | Received a gift from Okawaru
 61471 | Vaults:5 | Identified Hademuef's Papyrus of Enthralling Transmutation
 61496 | Vaults:5 | Received a gift from Okawaru
 61496 | Vaults:5 | Paralysed by an ancient lich for 3 turns
 61497 | Vaults:5 | Noticed an ancient lich
 61526 | Vaults:5 | Killed an ancient lich
 61584 | Vaults:5 | Received a gift from Okawaru
 61694 | Vaults:5 | Received a gift from Okawaru
 61896 | Vaults:5 | Reached XP level 27. HP: 183/215 MP: 44/44
 62269 | Vaults:5 | Received a gift from Okawaru
 62393 | Vaults:5 | Identified the +11 hunting sling of Fear {velocity, rF-
                  | Int+5}
 62496 | Vaults:5 | Noticed Frederick
 62510 | Vaults:5 | Killed Frederick
 62662 | Vaults:5 | Got a silver rune of Zot
 62686 | Vaults:5 | Identified the +5 falchion "Fyxzoos" {holy, +Blink rElec
                  | rF+ Dex-3}
 62861 | Vaults:5 | Received a gift from Okawaru
 63719 | Slime:1  | Entered Level 1 of the Pits of Slime
 63742 | Lair:5   | Reached skill level 15 in Conjurations
 63742 | Lair:5   | Reached skill level 15 in Hexes
 63742 | Lair:5   | Reached skill level 15 in Summonings
 63742 | Lair:5   | Reached skill level 15 in Necromancy
 63742 | Lair:5   | Reached skill level 15 in Translocations
 63742 | Lair:5   | Reached skill level 15 in Transmutations
 63742 | Lair:5   | Reached skill level 15 in Fire Magic
 63742 | Lair:5   | Reached skill level 15 in Ice Magic
 63742 | Lair:5   | Reached skill level 15 in Air Magic
 63742 | Lair:5   | Reached skill level 15 in Earth Magic
 63742 | Lair:5   | Reached skill level 15 in Poison Magic
 63903 | Slime:1  | Paralysed by a great orb of eyes for 5 turns
 64236 | Slime:1  | Found a viscous altar of Jiyva.
 64451 | Slime:5  | Entered Level 5 of the Pits of Slime
 64594 | Slime:5  | Noticed Dissolution
 64719 | Slime:4  | Killed Dissolution
 64883 | Slime:5  | Found the +5 pair of quick blades "Gyre" and "Gimble"
                  | {pierce, Dex-3}
 64981 | Slime:5  | Found a viscous altar of Jiyva.
 64992 | Slime:5  | Noticed the Royal Jelly
 65032 | Slime:5  | Killed the Royal Jelly
 65124 | Slime:5  | Identified the Tome of the Oath and Feathers
 65194 | Slime:5  | Got a slimy rune of Zot
 65253 | Slime:5  | Identified Amplified's Compendium of Darkness and the
                  | Volcanoes (You acquired it on level 5 of the Pits of Slime)
 65337 | Slime:5  | Gained mutation: You do not regenerate when monsters are
                  | visible. [a shining eye]
 65350 | Slime:5  | Lost mutation: You do not regenerate when monsters are
                  | visible. [potion of mutation]
 65350 | Slime:5  | Gained mutation: Your muscles are strong. (Str +2) [potion
                  | of mutation]
 65350 | Slime:5  | Gained mutation: You evolve. [potion of mutation]
 65350 | Slime:5  | Gained mutation: Your spells are a little harder to cast,
                  | but a little more powerful. [potion of mutation]
 65507 | Slime:5  | Identified the +6 plate armour of Gozag's Esteem {rC++
                  | Int-4} (You found it on level 5 of the Pits of Slime)
 65523 | Slime:5  | Got a smoking longbow
 65528 | Slime:5  | Identified the +11 longbow of Resourcefulness {freeze,
                  | Dex+4} (You found it on level 5 of the Pits of Slime)
 65543 | Slime:5  | Identified the quicksilver dragon scales of Sunlight {MR+
                  | Int+5} (You found it on level 5 of the Pits of Slime)
 65664 | Lair:5   | Learned a level 8 spell: Necromutation
 66152 | Zot:1    | Received a gift from Okawaru
 66278 | Zot:1    | Received a gift from Okawaru
 66281 | Zot:1    | Identified the +0 pair of boots "Potaon" {rC++ MP+9 Int+2}
                  | (Okawaru gifted it to you on level 1 of the Realm of Zot)
 66420 | Zot:1    | Noticed an orb of fire
 66434 | Zot:1    | Killed from afar by an orb of fire

Skill      XL: |  1  2  3  4  5  6  7  8  9 10 11 12 13 14 15 16 17 18 19 20 21 22 23 24 25 26 27 |
---------------+----------------------------------------------------------------------------------+-----
Spellcasting   | 5 6 7 8 9 10 11 12 13 14 15 16 17 18 | 18.2
Invocations    | 1 2 3 4 5 6 7 8 9 10 11 12 13 14 15 16 17 18 19 | 19.1
Short Blades   | 1 2 3 4 5 6 7 8 9 10 11 12 13 14 15 16 17 | 17.7
Long Blades    | 1 2 3 4 5 6 7 8 9 10 11 12 13 14 15 16 17 | 17.7
Axes           | 1 2 3 4 5 6 7 8 9 10 11 12 13 14 15 16 17 | 17.7
Maces & Flails | 1 2 3 4 5 6 7 8 9 10 11 12 13 14 15 16 17 | 17.8
Staves         | 1 2 3 4 5 6 7 8 9 10 11 12 13 14 15 16 17 | 17.7
Slings         | 1 2 3 4 5 6 7 8 9 10 11 12 13 14 15 16 17 | 17.7
Bows           | 1 2 3 4 5 6 7 8 9 10 11 12 13 14 15 16 17 | 17.7
Crossbows      | 1 2 3 4 5 6 7 8 9 10 11 12 13 14 15 16 17 | 17.7
Throwing       | 1 2 3 4 5 6 7 8 9 10 11 12 13 14 15 16 17 | 17.7
Stealth        | 1 2 3 4 5 6 7 8 9 10 11 12 13 15 16 17 18 19 21 | 21.0
Shields        | 1 2 3 4 5 6 7 8 9 10 11 12 13 14 15 16 17 | 17.7
Unarmed Combat | 1 2 3 4 5 6 7 8 9 10 11 12 13 14 15 16 17 | 17.7
Evocations     | 1 2 3 4 5 6 7 8 9 10 11 12 13 14 15 16 17 | 17.7
Conjurations   | 1 2 3 4 5 6 7 8 9 10 11 12 13 14 15 | 15.3
Hexes          | 1 2 3 4 5 6 7 8 9 10 11 12 13 14 15 | 15.3
Summonings     | 1 2 3 4 5 6 7 8 9 10 11 12 13 14 15 | 15.3
Necromancy     | 1 2 3 4 5 6 7 8 9 10 11 12 13 14 15 | 15.3
Translocations | 1 2 3 4 5 6 7 8 9 10 11 12 13 14 15 | 15.3
Transmutations | 1 2 3 4 5 6 7 8 9 10 11 12 13 14 15 | 15.3
Fire Magic     | 1 2 3 4 5 6 7 8 9 10 11 12 13 14 15 | 15.3
Ice Magic      | 1 2 3 4 5 6 7 8 9 10 11 12 13 14 15 | 15.3
Air Magic      | 1 2 3 4 5 6 7 8 9 10 11 12 13 14 15 | 15.3
Earth Magic    | 1 2 3 4 5 6 7 8 9 10 11 12 13 14 15 | 15.3
Poison Magic   | 1 2 3 4 5 6 7 8 9 10 11 12 13 14 15 | 15.3
Armour         | 3 4 5 6 7 8 9 10 11 12 13 14 15 16 17 | 17.9
Fighting       | 5 6 7 8 9 10 11 12 13 14 15 16 17 18 | 18.2
Polearms       | 5 6 7 8 9 10 11 12 13 14 15 16 17 18 | 18.2
Dodging        | 5 6 7 8 9 10 11 12 13 14 15 16 17 18 19 20 21 | 21.3
Charms         | 6 7 8 9 10 11 12 13 14 15 16 | 16.0

Action                   |  1- 3 |  4- 6 |  7- 9 | 10-12 | 13-15 | 16-18 | 19-21 | 22-24 | 25-27 || total
-------------------------+-------+-------+-------+-------+-------+-------+-------+-------+-------++-------
Melee: Spear             |   153 |    96 |       |       |       |       |       |       |       ||   249
       Bite              |    10 |    31 |    51 |    97 |   293 |   404 |   328 |   357 |   358 ||  1929
       Whip              |       |   122 |   326 |   104 |   117 |       |       |       |       ||   669
       Punch             |       |     1 |     7 |     7 |       |       |       |       |       ||    15
       Hand axe          |       |       |       |   606 |  1480 |  1356 |       |       |       ||  3442
       Short sword       |       |       |       |    58 |       |       |       |       |       ||    58
       Demon trident     |       |       |       |       |       |   844 |  1948 |  2072 |  1874 ||  6738
Throw: Throwing net      |       |       |       |     2 |       |     5 |     7 |     2 |     3 ||    19
       Javelin           |       |       |       |     3 |       |       |       |       |       ||     3
 Cast: Regeneration      |       |     1 |     1 |     1 |       |       |     7 |    15 |     7 ||    32
       Infusion          |       |       |     1 |       |       |       |       |       |       ||     1
       Spectral Weapon   |       |       |       |     1 |       |       |    58 |    94 |    82 ||   235
       Silence           |       |       |       |       |       |       |     4 |     4 |       ||     8
       Deflect Missiles  |       |       |       |       |       |       |     4 |     2 |     1 ||     7
       Song of Slaying   |       |       |       |       |       |       |     2 |       |     1 ||     3
       Apportation       |       |       |       |       |       |       |     2 |       |       ||     2
Invok: Heroism           |       |       |     5 |    14 |    42 |    38 |    10 |     3 |     7 ||   119
       Finesse           |       |       |       |       |     5 |     4 |     4 |     1 |     7 ||    21
 Abil: Evoke Berserk Rag |       |       |     2 |     1 |     4 |     2 |     1 |       |       ||    10
       Stop Flying       |       |       |       |       |     1 |     2 |       |       |       ||     3
       Evoke Flight      |       |       |       |       |       |     3 |       |       |       ||     3
Evoke: Wand              |       |       |     5 |    14 |     2 |    11 |     6 |     1 |     2 ||    41
       Lamp of fire      |       |       |       |     1 |     1 |     2 |     3 |     3 |     4 ||    14
       Phial of floods   |       |       |       |       |       |     1 |       |       |       ||     1
       Phantom mirror    |       |       |       |       |       |       |     1 |       |     1 ||     2
  Use: Potion            |     2 |     5 |     4 |     5 |    10 |     7 |    17 |     6 |    14 ||    70
       Scroll            |     4 |     8 |     9 |    10 |    16 |    23 |    24 |    11 |    16 ||   121
 Stab: Sleeping          |     3 |     1 |     4 |    12 |    14 |     5 |    26 |    34 |    36 ||   135
       Distracted        |       |       |       |     2 |       |     4 |    27 |    29 |    31 ||    93
       Held in net/web   |       |       |       |     2 |       |       |     7 |     1 |       ||    10
       Paralysed         |       |       |       |       |     1 |       |       |       |       ||     1
       Invisible         |       |       |       |       |       |    11 |     1 |     2 |     9 ||    23
       Fleeing           |       |       |       |       |       |       |       |       |     1 ||     1
  Eat: Chunk             |     1 |     4 |     8 |    27 |    24 |    15 |     5 |    11 |    10 ||   105
       Ration            |       |     1 |     1 |     3 |     3 |     9 |    12 |     6 |     6 ||    41
Armor: Leather armour    |    33 |    76 |    54 |    62 |       |       |       |       |       ||   225
       Robe              |       |       |       |    29 |    10 |       |       |       |       ||    39
       Chain mail        |       |       |       |       |   222 |   464 |   271 |   219 |       ||  1176
       Skin              |       |       |       |       |    22 |       |       |       |       ||    22
       Scale mail        |       |       |       |       |       |       |       |    15 |   150 ||   165
Dodge: Dodged            |    82 |   166 |   222 |   275 |   297 |   568 |   384 |   362 |   504 ||  2860
       Deflected         |       |       |       |       |       |       |    17 |    20 |    50 ||    87
Block: Large shield      |       |       |       |   528 |  1460 |  2166 |  1344 |  1317 |  1225 ||  8040
